 Dungeon Sprint DCSS version 0.31-a0-1074-g0b22e4e0f1 (webtiles) character file.

Game seed: 1379626781038241494

1341 tbh1313 the Bludgeoner (level 8, -2/78 HPs)
             Began as an Ogre Berserker on Nov 28, 2023.
             Was a Priest of Trog.
             Shot with an arrow by a centaur warrior (12 damage)
             ... in the Dungeon (Sprint I: "Red Sonja").
             The game lasted 00:02:12 (353 turns).

tbh1313 the Bludgeoner (Ogre Berserker)              Turns: 353, Time: 00:02:12

Health: -2/78      AC:  3    Str: 24    XL:     8   Next: 62%
Magic:  8/8        EV: 10    Int:  8    God:    Trog [***...]
Gold:   438        SH:  0    Dex:  8    Spells: 7/7 levels left

rFire   . . .        j - +0 giant spiked club
rCold   . . .        (shield currently unavailable)
rNeg    . . .        k - +0 robe
rPois   .            (helmet restricted)
rElec   .            (no cloak)
rCorr   .            (gloves unavailable)
SInv    .            (boots unavailable)
Will    .....        (no amulet)
Stlth   +            (no ring)
HPRegen 0.33/turn    (no ring)
MPRegen 0.11/turn

%: no teleportation
@: no status effects
A: large, unfitting armour, tough skin 1
a: Renounce Religion, Berserk, Trog's Hand


You were in the Dungeon.
You worshipped Trog.
Trog was most pleased with you.
You visited 1 branch You collected 438 gold pieces.

Inventory:

Hand Weapons
 a - a +0 mace
 j - a +0 giant spiked club (weapon)
Armour
 k - a +0 robe (worn)
Wands
 i - a wand of polymorph (15)
Scrolls
 h - a scroll of blinking
Potions
 c - a potion of curing
 d - a potion of heal wounds
 e - a potion of haste
 f - 2 potions of magic
 g - a potion of berserk rage


   Skills:
 - Level 4.0 Fighting
 + Level 16.9 Maces & Flails
 - Level 2.6 Dodging


You had 7 spell levels left.
You didn't know any spells.
Your spell library was empty.

Dungeon Overview and Level Annotations

Branches:
Dungeon (1/1)

Altars:
Cheibriados
Dithmenos
Elyvilon
Fedhas
Gozag
Hepliaklqana
Kikubaaqudgha
Makhleb
Nemelex Xobeh
Okawaru
Qazlal
Ru
Sif Muna
Trog
Uskayaw
Vehumet
Wu Jian
Xom
Yredelemnul
Zin
The Shining One
Jiyva
Lugonu

Shops:
D [


Innate Abilities, Weirdness & Mutations

You are too large for most types of armour.
You have tough skin. (AC +1)


Message History

There is an open door, spattered with blood here.
Things that are here:
a +0 dagger; a +0 robe; a kobold corpse You start resting.
You feel the effects of Trog's Hand fading.
You start resting.
HP restored.
Your skin stops crawling.
You feel less strong-willed.
There is an open door here.
There is an open door here.
There is an open door here.
You feel yourself speed up.
Okay, then.
Okay, then.
You open the door. 2 centaur warriors come into view.
The centaur warrior shouts!
The centaur warrior wields a +3 orcbow.
The centaur warrior shoots an arrow.
The arrow hits you!!
The centaur warrior moves out of view.
You hear a shout!
Blink to where?
Press: ? - help, Dir - move target You can't see that place. [a stone wall.]
Okay, then.
You start resting.
A centaur warrior is nearby!
The centaur warrior shouts!
The centaur warrior unwields a +3 orcbow.
The centaur warrior hits you! The centaur warrior kicks you.
You hit the centaur warrior.
The centaur warrior is lightly wounded.
The centaur warrior hits you. The centaur warrior barely misses you.
You recover from your berserk rage.
The centaur warrior wields a +3 orcbow.
The centaur warrior shoots an arrow.
The arrow hits you!!
* * * LOW HITPOINT WARNING * * *
The centaur warrior wields a +0 shortbow.
The centaur warrior shoots an arrow.
The arrow hits you!
You die...

##########################
#<.#..'..#.['..#__#..)...#
#..').#..'..#..'..'.)#...#
#..#####'#####'#__####...+
#..####..#...#@####=?#####
#..#__####..##§#§§~.c#
#..#_____##'#_cc§~~.§+
#⌠⌠#_.∩...†...§#§§~§.#
####_..__##_.#'##+####
#_____###+#(# ####### ###


You could see 2 centaur warriors.

Levels and vault maps discovered:
D:        dungeon_sprint_1 [red_sonja_temple_1, red_sonja_temple_small_1]

Notes
Turn   | Place    | Note
-------+----------+-------------------------------------------
     0 | D        | tbh1313 the Ogre Berserker began the quest for the Orb.
     0 | D        | Reached XP level 1. HP: 24/24 MP: 1/1
     1 | D        | Noticed Ijyb
    12 | D        | Killed Ijyb
    13 | D        | Reached skill level 5 in Maces & Flails
    13 | D        | Reached XP level 2. HP: 31/32 MP: 2/2
    13 | D        | Reached XP level 3. HP: 37/39 MP: 3/3
    51 | D        | Noticed an ogre
    56 | D        | Killed an ogre
    57 | D        | Reached skill level 8 in Maces & Flails
    57 | D        | Reached XP level 4. HP: 48/48 MP: 4/4
   100 | D        | Noticed Sigmund
   115 | D        | Killed Sigmund
   115 | D        | Reached ** piety under Trog
   116 | D        | Reached skill level 11 in Maces & Flails
   116 | D        | Reached XP level 5. HP: 54/54 MP: 5/5
   116 | D        | Reached XP level 6. HP: 62/62 MP: 6/6
   178 | D        | Found an ornate altar of the Wu Jian Council.
   178 | D        | Found a shimmering blue altar of Sif Muna.
   180 | D        | Found a radiant altar of Vehumet.
   185 | D        | Reached skill level 12 in Maces & Flails
   227 | D        | Found Junesy Wose's Armour Emporium.
   227 | D        | Found an ancient bone altar of Kikubaaqudgha.
   227 | D        | Found a hazy altar of Hepliaklqana.
   227 | D        | Found a hide-covered altar of Uskayaw.
   227 | D        | Found a basalt altar of Yredelemnul.
   227 | D        | Found an opulent altar of Gozag.
   227 | D        | Found a snail-covered altar of Cheibriados.
   227 | D        | Found a sacrificial altar of Ru.
   227 | D        | Found a shadowy altar of Dithmenos.
   227 | D        | Noticed a yak
   233 | D        | Killed a yak
   234 | D        | Reached skill level 13 in Maces & Flails
   234 | D        | Reached XP level 7. HP: 70/70 MP: 7/7
   234 | D        | Found a stormy altar of Qazlal.
   234 | D        | Found a blossoming altar of Fedhas.
   234 | D        | Found a bloodstained altar of Trog.
   234 | D        | Found an iron altar of Okawaru.
   234 | D        | Found a glowing golden altar of the Shining One.
   234 | D        | Found a glowing silver altar of Zin.
   234 | D        | Found a white marble altar of Elyvilon.
   236 | D        | Found a sparkling altar of Nemelex Xobeh.
   292 | D        | Found a viscous altar of Jiyva.
   292 | D        | Found a corrupted altar of Lugonu.
   292 | D        | Noticed a slime creature
   293 | D        | Found a burning altar of Makhleb.
   293 | D        | Found a shimmering altar of Xom.
   296 | D        | Killed a slime creature
   297 | D        | Reached skill level 14 in Maces & Flails
   312 | D        | Noticed a kobold demonologist
   312 | D        | Noticed a glass eye
   312 | D        | Noticed a kobold demonologist
   320 | D        | Killed a glass eye
   321 | D        | Reached skill level 15 in Maces & Flails
   327 | D        | Killed a kobold demonologist
   327 | D        | Reached *** piety under Trog
   328 | D        | Reached skill level 16 in Maces & Flails
   328 | D        | Reached XP level 8. HP: 78/78 MP: 8/8
   331 | D        | Killed a kobold demonologist
   346 | D        | Noticed a centaur warrior
   346 | D        | Noticed a centaur warrior
   353 | D        | Shot with an arrow by a centaur warrior

Table legend: (Time is in decaauts)
 A = Elapsed time spent in this place.
 B = Non-inter-level travel time spent in this place.
 C = Inter-level travel time spent in this place.
 D = Time resting spent in this place.
 E = Time spent auto-exploring this place.
 F = Levels seen in this place.
 G = Mean time per level.
                   A        B        C        D        E       F      G
               +--------+--------+--------+--------+--------+-----+--------+
         Total |    400 |    400 |      0 |    212 |      1 |   1 |  400.0 |
       Dungeon |    400 |    400 |      0 |    212 |      1 |   1 |  400.0 |
               +--------+--------+--------+--------+--------+-----+--------+

Top non-repeatable levels by time:
       D: 400 daAuts

Table legend:
 A = Kills in this place as a percentage of kills in the entire game.
 B = Kills by you in this place as a percentage of kills by you in the entire game.
 C = Kills by friends in this place as a percentage of kills by friends in the entire game.
 D = Other kills in this place as a percentage of other kills in the entire game.
 E = Experience gained in this place as a percentage of experience gained in the entire game.
 F = Experience gained in this place divided by the number of levels of this place that you have seen.
                   A       B       C       D       E      F
               +-------+-------+-------+-------+-------+----------------------
         Total | 100.0 | 100.0 |   N/A |   N/A | 100.0 | 1916.0
       Dungeon | 100.0 | 100.0 |   N/A |   N/A | 100.0 | 1916.0
               +-------+-------+-------+-------+-------+----------------------

Action                     |  1- 3 |  4- 6 |  7- 9 || total
---------------------------+-------+-------+-------++-------
  Melee: Mace              |    13 |    12 |       ||    25
         Unarmed           |       |     7 |       ||     7
         Giant spiked club |       |       |    22 ||    22
 Invoke: Berserk           |     2 |     3 |     1 ||     6
         Trog's Hand       |       |       |     1 ||     1
 Armour: Animal skin       |     4 |     2 |       ||     6
         Skin              |       |     3 |       ||     3
         Robe              |       |     5 |    12 ||    17
  Dodge: Dodged            |     4 |     1 |     5 ||    10

Vanquished Creatures
  2 kobold demonologists (D)
  A glass eye (D)
  Sigmund (D)
  A slime creature (D)
  A yak (D)
  An ogre (D)
  A jelly (D)
  Ijyb (D)
9 creatures vanquished.
